Match 46581799
Unlisted

Match 46581799
End
Construct Infanterie Kompanie
Kettenkrad Recon Vehicle
MG 42 Machine Gun Team
Selects Terror Battlegroup
Selects Machine Gun Camouflage
MG 42 Machine Gun Team
Grenadier Squad
Construct Luftwaffe Kompanie
221 Scout Car
Jäger Squad
Ra11
MatioS
Dirkradix
Fishin
Vox
Boba Fett
0
0

Comments sign in to comment!

No comments posted yet!